 Dungeon Crawl Stone Soup version 0.18-a0-837-gd08d4d7 (webtiles) character file.

137 Chiseanne the Skirmisher (level 5, -3/42 HPs)
             Began as a Mummy Wanderer on Dec 18, 2015.
             Killed from afar by an orc wizard (6 damage)
             ... with a magic dart
             ... on level 2 of the Dungeon.
             The game lasted 00:09:14 (5244 turns).

Chiseanne the Skirmisher (Mummy Wanderer)           Turns: 5244, Time: 00:09:14

Health: -3/42      AC:  6    Str: 15    XL:     5   Next: 0%
Magic:  5/5        EV:  9    Int: 13    God:
Gold:   46         SH:  4    Dex: 11    Spells: 0 memorised, 4 levels left

rFire  x . .     SeeInvis +     a - +0 rapier
rCold  + . .     Gourm    .     i - +0 scale mail
rNeg   + + +     Faith    .     d - +0 buckler
rPois  ∞         Spirit   .     (no helmet)
rElec  .         Dismiss  +     (no cloak)
rCorr  .         Reflect  .     (no gloves)
SustAt .         Harm     .     (no boots)
MR     .....                    b - amulet of dismissal
Stlth  ..........               (no ring)
                                g - ring of see invisible

@: not resistant to hostile enchantments, extremely unstealthy
A: no food or potions, fire vulnerability, cold resistance 1, negative energy
resistance 3, torment resistance, unbreathing
a: no special abilities


You were on level 2 of the Dungeon.
You were not hungry.

You visited 1 branch of the dungeon, and saw 3 of its levels.

You collected 46 gold pieces.

Inventory:

Hand Weapons
 a - a +0 rapier (weapon)
 w - a +2 blowgun
Missiles
 f - 25 poisoned sling bullets
 h - 17 sling bullets
 j - 24 bolts
Armour
 d - a +0 buckler (worn)
 i - a +0 scale mail (worn)
Jewellery
 b - an amulet of dismissal (around neck)
 g - a ring of see invisible (left hand)
Scrolls
 e - a scroll of remove curse
 k - a scroll of identify


   Skills:
 * Level 4.1 Fighting
   Level 1.5 Maces & Flails
   Level 1.5 Polearms
 - Level 1.0 Throwing
 * Level 1.2 Armour
 - Level 1.5 Dodging
 * Level 2.5 Shields


You had 4 spell levels left.
You didn't know any spells.

Dungeon Overview and Level Annotations

Branches:
Dungeon (3/15)

Altars:


Innate Abilities, Weirdness & Mutations

You do not eat or drink.
Your flesh is vulnerable to fire.
You are immune to poison.
Your flesh is cold resistant.
You are immune to negative energy.
You are immune to unholy pain and torment.
You can survive without breathing.


Message History

The orc wizard is lightly wounded.
The orc wizard hits you but does no damage.
You hit the orc wizard but do no damage.
The orc wizard is lightly wounded.
The orc wizard misses you. The orc wizard barely misses you.
Read which item? (? for menu, Esc to quit)
Okay, then.
You hit the orc wizard but do no damage.
The orc wizard is lightly wounded.
The orc wizard casts a spell at you. The magic dart hits you!
* * * LOW HITPOINT WARNING * * *
The orc wizard points at you and mumbles some strange words.
The magic dart hits you!
* * * LOW HITPOINT WARNING * * *
You hit the orc wizard but do no damage.
The orc wizard is lightly wounded.
The orc wizard gestures at you while chanting.
The magic dart hits you!
You die...

..#.####.#####.....#
....#.......##.#####
.........##.##.# .##.#!......##.#
.........#..##.# ###
.......#.#...(.# ##.##
###.#.##.##.#### ######.#.#
....#.......########## #...#.###.
#######...####.o@....###.#.......
#..(# #.#####.......#.###< #...#
#.#####..##...##.#.# #...#
#.##...........##.## #...#
#.##.#...#..#.##### #...#
#o##.#...#.#..#####
#######...####.................#
.......>..o.........###.##.....#
.....................##...%....#


You could see an orc wizard.

Vanquished Creatures
  Ijyb (D:2)
  2 adders (D:2)
  2 oozes
  3 worms (D:2)
  2 giant geckos (D:2)
  3 giant cockroaches
  13 goblins
  6 hobgoblins (D:1)
  14 jackals (D:2)
  3 quokkas (D:2)
  A ball python (D:2)
  5 bats
  4 giant newts
  7 kobolds
  4 rats
70 creatures vanquished.

Notes
Turn   | Place    | Note
--------------------------------------------------------------
     0 | D:1      | Chiseanne the Mummy Wanderer began the quest for the Orb.
     0 | D:1      | Chiseanne set off with: 2 curare-tipped needles, a +2 blowgun, a +0 spear, a +0 buckler, a +0 robe
     0 | D:1      | Reached XP level 1. HP: 18/18 MP: 1/1
   178 | D:1      | Reached XP level 2. HP: 2/24 MP: 2/2
  1273 | D:2      | Reached XP level 3. HP: 3/29 MP: 3/3
  1895 | D:2      | Reached skill level 1 in Dodging
  4103 | D:2      | Reached XP level 4. HP: 28/37 MP: 4/4
  4988 | D:2      | Noticed Ijyb
  4991 | D:2      | Reached skill level 4 in Fighting
  5011 | D:2      | Killed Ijyb
  5235 | D:2      | Reached XP level 5. HP: 19/42 MP: 5/5
  5244 | D:2      | Killed from afar by an orc wizard

Vault maps used:
D:1:      dpeg_arrival_simpleton_b, minmay_curled_crystal,
          minmay_misc_feat_pillars, minmay_misc_feat_rows
D:2:      kennysheep_goblin_castle
D:3:      grunt_pakellas_mercury

Action                   |  1- 3 |  4- 6 || total
-------------------------+-------+-------++-------
Melee: Spear             |   231 |   125 ||   356
       Rapier            |       |    63 ||    63
 Fire: Blowgun           |       |     2 ||     2
  Use: Scroll            |     3 |       ||     3
